 Dungeon Crawl Stone Soup version 0.29.1-15-g9cfb28693d (webtiles) character file.

Game seed: 580842223713856676

53 leafyfresh the Sneak (level 3, -5/26 HPs)
             Began as an Octopode Delver on Mar 4, 2023.
             Slain by Natasha (6 damage)
             ... on level 3 of the Dungeon.
             The game lasted 00:01:02 (331 turns).

leafyfresh the Sneak (Octopode Delver)               Turns: 331, Time: 00:01:03

Health: -5/26      AC:  1    Str: 11    XL:     3   Next: 89%
Magic:  3/3        EV: 13    Int: 14    God:
Gold:   21         SH:  0    Dex: 13    Spells: 2/2 levels left

rFire   . . .      SeeInvis .   a - +0 short sword
rCold   . . .      Faith    .   (no shield)
rNeg    . . .      Spirit   .   (helmet restricted)
rPois   .          Reflect  .   (no amulet)
rElec   .          Harm     .   (no ring)
rCorr   .          Rampage  .   (no ring)
Will    .....                   (no ring)
Stlth   ++++......              (no ring)
HPRegen 0.08/turn               (no ring)
MPRegen 0.08/turn               (no ring)
                                (no ring)
                                (no ring)

@: slowed, very slow
A: almost no armour, amphibious, 8 rings, camouflage 1, gelatinous body 1,
(nimble swimmer 1), tentacles
a: no special abilities


You were on level 3 of the Dungeon.
You visited 1 branch of the dungeon, and saw 3 of its levels.

You collected 21 gold pieces.

Inventory:

Hand Weapons
 a - a +0 short sword (weapon)
Jewellery
 k - an amulet of guardian spirit
Wands
 f - a wand of digging (3)
Scrolls
 b - a scroll of fog
 c - a scroll of magic mapping
 d - a scroll of fear
 h - a scroll of identify {unknown}
Potions
 e - a potion of haste
 g - a potion of curing {unknown}
 i - a potion of heal wounds {unknown}
 j - a potion of mutation {unknown}


   Skills:
 + Level 3.6 Fighting
 - Level 2.0 Short Blades
 + Level 2.8 Dodging
 + Level 7.2 Stealth


You had 2 spell levels left.
You didn't know any spells.
Your spell library was empty.

Dungeon Overview and Level Annotations

Branches:
Dungeon (5/15)
 Temple: D:4-7

Altars:

Annotations:
D:3 Natasha
D:5 2 runed translucent doors, sigtrap's ghost, novice KoBr


Innate Abilities, Weirdness & Mutations

You cannot wear most types of armour.
You are amphibious.
You can wear up to eight rings at the same time.
Your skin changes colour to match your surroundings (Stealth+).
Your rubbery body absorbs attacks. (AC +1, EV +1)
((You are camouflaged when in or above water. (Stealth+)))
You have tentacles for arms and can constrict up to eight enemies at once.


Message History

You see here the felid corpse of Natasha.
The bat hits you. The bat closely misses you. The bat barely misses you.
The bat closely misses you.
You hit the bat.
You kill the bat!
Natasha, Servant of Life and Death comes into view.
You see here a bat corpse.
An endoplasm comes into view.
Natasha barely misses you. Natasha claws you.
You barely miss Natasha. Your grab misses Natasha. Your squeeze misses Natasha.
Natasha claws you.
You barely miss Natasha. Your grab misses Natasha. Your squeeze misses Natasha.
Natasha casts a spell.
Natasha barely misses you.
The frilled lizard hisses angrily.
You hit Natasha. Your grab misses Natasha.
Natasha is moderately wounded.
Natasha claws you.
You closely miss Natasha. Your grab misses Natasha.
Natasha is moderately wounded.
Natasha misses you. The crimson imp hits you.
Natasha howls an incantation.
You feel disoriented. Natasha closely misses you. The crimson imp hits you.
* * * LOW HITPOINT WARNING * * *
The frilled lizard bites you.
* * * LOW HITPOINT WARNING * * *
You closely miss Natasha. Your grab misses Natasha.
Your squeeze misses Natasha.
Natasha is moderately wounded.
Natasha barely misses you. The crimson imp hits you.
* * * LOW HITPOINT WARNING * * *
The frilled lizard bites you.
* * * LOW HITPOINT WARNING * * *
You closely miss Natasha. You grab Natasha. You squeeze Natasha.
Natasha is heavily wounded.
You constrict Natasha, but do no damage.
Natasha claws you.
You die...

#############
#...........#
#...........#
####...........#
...............#
.......hl......#
.......5@......#
###
J............(.+
.>#..
####........†!.#
#.#.. #
#....†......#
#.#..
...#...$.......#
#.#..
#.............#
#.#..
##............#
#.#..
#.....†......#
#.#..
##.....#######
####....


You could see Natasha, a crimson imp (summoned) and a frilled lizard.

Vanquished Creatures
  Natasha (twice) (D:3)
  2 jackals (D:3)
  2 bats (D:3)
6 creatures vanquished.

Notes
Turn   | Place    | Note
-------+----------+-------------------------------------------
     0 | D:5      | leafyfresh the Octopode Delver began the quest for the Orb.
     0 | D:5      | Reached XP level 1. HP: 16/16 MP: 1/1
     1 | D:5      | Found a large runed translucent door.
     2 | D:5      | Noticed sigtrap's ghost (novice KoBr)
     7 | D:5      | Found a large runed translucent door.
    15 | D:5      | Noticed an orc wizard
    16 | D:5      | Noticed an orc wizard
    24 | D:4      | Noticed a phantom
   298 | D:3      | Noticed Natasha
   305 | D:3      | Killed Natasha
   306 | D:3      | Reached skill level 7 in Stealth
   306 | D:3      | Reached XP level 2. HP: 21/21 MP: 2/2
   306 | D:3      | Reached XP level 3. HP: 26/26 MP: 3/3
   309 | D:3      | Noticed Natasha
   316 | D:3      | Killed Natasha
   322 | D:3      | Noticed Natasha
   330 | D:3      | HP: 1/26 [frilled lizard (3)]
   331 | D:3      | Slain by Natasha

Illustrated notes

Levels and vault maps discovered:
D:3:      layout_basic, uniq_natasha
D:4:      layout_rooms, old_standard_altar, nicolae_yredelemnul_ghost_church,
          uniq_sigmund
D:5:      layout_loops_ring, mainiacjoe_overflow_catwalk_spiral,
          overflow_temple_1_default, ebering_ghost_disaster_area

Skill      XL: |  1 |
---------------+----+-----
Stealth        | 7 |  7.2
Fighting       | |  3.6
Short Blades   | |  2.0
Dodging        | |  2.8

Action                   || total
-------------------------++-------
Melee: Short sword       ||    23
       Constrict         ||     7
       Tentacles         ||     4
 Stab: Sleeping          ||     1
Armor: Skin              ||     7
Dodge: Dodged            ||    21
